 Dungeon Crawl Stone Soup version 0.21.1-1-g345015fe64 (webtiles) character file.

51 Revguard the Magician (level 3, -3/19 HPs)
             Began as a Deep Elf Air Elementalist on June 17, 2018.
             Slain by a bullfrog zombie (7 damage)
             ... on level 3 of the Dungeon.
             The game lasted 00:09:49 (2546 turns).

Revguard the Magician (Deep Elf Air Elementalist)   Turns: 2546, Time: 00:09:49

Health: -3/19      AC:  3    Str:  5    XL:     3   Next: 58%
Magic:  4/10       EV: 13    Int: 20    God:
Gold:   97         SH:  0    Dex: 15    Spells: 3/9 levels left

rFire    . . .     SeeInvis .   f - +0 dagger
rCold    . . .     Gourm    .   (no shield)
rNeg     . . .     Faith    .   a - +0 robe
rPois    .         Spirit   .   (no helmet)
rElec    .         Reflect  .   h - +0 cloak
rCorr    .         Harm     .   (no gloves)
MR       .....                  (no boots)
Stlth    ++........             (no amulet)
HPRegen  0.06/turn              (no ring)
MPRegen  0.12/turn              (no ring)

@: no status effects
A: no striking features
a: no special abilities


You were on level 3 of the Dungeon.
You were not hungry.

You visited 1 branch of the dungeon, and saw 3 of its levels.

You collected 97 gold pieces.

Inventory:

Hand Weapons
 f - a +0 dagger (weapon)
Armour
 a - a +0 robe (worn)
 h - a +0 cloak (worn)
Scrolls
 e - a scroll of amnesia
 i - 3 scrolls of teleportation {unknown}
 k - a scroll of enchant weapon {unknown}
 l - a scroll of fog {unknown}
Potions
 d - a potion of invisibility
 g - a potion of lignification {unknown}
 j - a potion of curing {unknown}
Books
 b - a book of Air

   Spells                             Type                      Level
   a - Shock                          Conjuration/Air              1
   b - Swiftness                      Charms/Air                   2
   c - Static Discharge               Conjuration/Air              3
   d - Airstrike                      Air                          4
   e - Lightning Bolt                 Conjuration/Air              5
Comestibles
 c - 6 rations


   Skills:
 + Level 0.2 Short Blades
 + Level 2.9 Dodging
 * Level 3.5 Stealth
 + Level 3.7 Spellcasting
 + Level 1.4 Conjurations
 * Level 0.9 Charms
 + Level 3.1 Air Magic


You had 3 spell levels left.
You knew the following spells:

 Your Spells              Type           Power        Failure   Level  Hunger
a - Shock                 Conj/Air       ##..         4%          1    None
b - Swiftness             Chrm/Air       ##......     9%          2    ##.....
c - Static Discharge      Conj/Air       ##......     16%         3    ###....


Dungeon Overview and Level Annotations

Branches:
Dungeon (3/15)

Altars:
Ashenzari


Message History

The bullfrog zombie barely misses you.
The bullfrog zombie hits you but does no damage.
You hit the bullfrog zombie but do no damage.
The bullfrog zombie is heavily damaged.
The bullfrog zombie hits you!
Casting: Shock
Confirm with . or Enter, or press ? or * to list all spells.
Aiming: Shock
Press: ? - help, Shift-Dir - straight line, f/p - bullfrog zombie
Aim: a bullfrog zombie (heavily damaged)
Okay, then.
The bullfrog zombie barely misses you. The bullfrog zombie barely misses you.
The bullfrog zombie closely misses you. The bullfrog zombie hits you.
* * * LOW HITPOINT WARNING * * *
The bullfrog zombie barely misses you. The bullfrog zombie closely misses you.
The bullfrog zombie hits you!
You die...

#.........# .# # #.....#..
#.####.##.###..##.# #....##..
#.# #............ ##...##..
#.####.##.###..#### ###...##..
#.#...............# #.........
#.#.##.##.#.#..##.#######.......
#.#.##.##.#...............#..#..
#.#.##.##.#.##.####.#####.......
#.#w##.##......@Z............#..
#.#.##.#######.####.#####(#..#..
#.#.##.# #.# #.# #.#.....
#.#....# ### #.# #.##.#.#
#.####.# #.# #.##.#.. #.# #.#
#.# #.##.### #.####.####### #..
..##.# #............. ... ..
######.....(..


You could see a bullfrog zombie.

Vanquished Creatures
  An adder (D:2)
  2 worms
  A dart slug (D:2)
  A giant cockroach (D:2)
  4 goblins (D:1)
  4 hobgoblins (D:1)
  4 jackals (D:1)
  7 kobolds
  A quokka (D:3)
  2 ball pythons
  2 bats (D:1)
  A frilled lizard (D:2)
  5 rats
35 creatures vanquished.

Notes
Turn   | Place    | Note
-------+----------+-------------------------------------------
     0 | D:1      | Revguard the Deep Elf Air Elementalist began the quest for the Orb.
     0 | D:1      | Reached XP level 1. HP: 10/10 MP: 6/6
    34 | D:1      | Reached XP level 2. HP: 6/15 MP: 0/8
   382 | D:1      | Learned a level 2 spell: Swiftness
  1333 | D:2      | Reached XP level 3. HP: 19/19 MP: 4/9
  1607 | D:2      | Learned a level 3 spell: Static Discharge
  2089 | D:2      | Found a shattered altar of Ashenzari.
  2546 | D:3      | Slain by a bullfrog zombie

Skill      XL: |  1 |
---------------+----+-----
Stealth        | 3 |  3.5
Short Blades   | |  0.2
Dodging        | |  2.9
Spellcasting   | |  3.7
Conjurations   | |  1.4
Charms         | |  0.9
Air Magic      | |  3.1

Action                   || total
-------------------------++-------
Melee: Dagger            ||    14
       Unarmed           ||     6
 Cast: Shock             ||    70
       Swiftness         ||     3
  Use: Scroll            ||     4
  Eat: Ration            ||     1
       Chunk             ||     1
Armor: Robe              ||     8
Dodge: Dodged            ||    31
